Nashville Predators vs Anaheim Ducks
Created - Thursday, November 28, 2024 at 07:20
Goals
|
| Nashville Predators |
1 |
3 |
2 |
6 |
| Anaheim Ducks |
1 |
1 |
0 |
2 |
|
Shots
|
| Nashville Predators |
15 |
12 |
13 |
40 |
| Anaheim Ducks |
18 |
9 |
13 |
40 |
|
1st period
1. Nashville Predators , Trevor Zegras 23 (Mattias Samuelsson 10, Tyson Foerster 25) at 4:57
2. Anaheim Ducks , Chandler Stephenson 17 (John Tavares 29, William Nylander 49) at 10:48 (PP)
Penalties :
Ben Chiarot (NSH) for Holding Stick (Minor) at 9:39, Joshua Morrissey (ANA) for Roughing (Minor) at 16:44
2nd period
3. Nashville Predators , Max Pacioretty 27 (Ben Chiarot 19) at 1:17
4. Anaheim Ducks , John Tavares 24 (Alex Killorn 18) at 5:22
5. Nashville Predators , Leo Carlsson 29 (Colton Sissons 52, Max Pacioretty 34) at 7:40
6. Nashville Predators , Ryan Johansen 28 (Trevor Zegras 39) at 18:53
Penalties :
Mark Scheifele (ANA) for Hooking (Minor) at 8:04
3rd period
7. Nashville Predators , Colton Sissons 35 (Leo Carlsson 34) at 0:13 (PP)
8. Nashville Predators , Brett Leason 13 (Jack Drury 18, Alexander Wennberg 26) at 9:09
Penalties :
William Nylander (ANA) for Hooking (Minor) at 0:03
Goalie Stats
Anthony Stolarz (NSH), 38 saves from 40 shots - (0.950), W, 12-13-1, 60:00 minutes
Linus Ullmark (ANA), 34 saves from 40 shots - (0.850), L, 33-19-8, 60:00 minutes
Players Stats for Nashville Predators
Player Name G A P +/- PIM S H SB GA TA FO MP PP MP PK MP
------------------------------------------------------------------------------------
Alexander Wennberg 0 1 1 1 0 2 0 0 1 0 0/0 13:44 2:06 0:35
Artem Zub 0 0 0 2 0 0 0 0 0 0 0/0 23:17 0:00 0:51
Ben Chiarot 0 1 1 2 2 3 6 1 0 0 0/0 23:27 2:06 0:00
Brandon Montour 0 0 0 3 0 0 4 1 0 0 0/0 23:27 2:02 0:18
Brett Leason 1 0 1 1 0 1 1 0 0 0 0/1 12:02 0:00 0:34
Colton Sissons 1 1 2 1 0 4 1 1 1 0 12/20 17:32 2:05 0:35
Jack Drury 0 1 1 1 0 1 0 0 1 0 5/8 11:28 0:00 0:00
Juuso Valimaki 0 0 0 -1 0 1 0 1 0 1 0/0 11:10 0:00 0:00
Leo Carlsson 1 1 2 1 0 3 0 0 0 0 0/1 17:04 2:05 0:00
Mattias Samuelsson 0 1 1 3 0 1 2 2 0 1 0/0 22:21 0:00 0:51
Max Pacioretty 1 1 2 1 0 2 4 0 0 0 1/1 16:57 2:05 0:00
Michael Carcone 0 0 0 0 0 2 0 1 0 0 0/1 14:17 0:00 0:00
Pius Suter 0 0 0 0 0 1 1 0 1 0 1/1 15:55 2:03 0:00
Ryan Johansen 1 0 1 2 0 4 1 0 0 0 7/13 14:31 0:00 0:00
Simon Benoit 0 0 0 -1 0 0 2 0 0 0 0/0 11:28 0:00 0:18
Thomas Novak 0 0 0 0 0 8 0 0 1 1 8/21 17:02 2:02 0:34
Trevor Zegras 1 1 2 2 0 3 0 0 0 2 1/2 16:34 2:03 0:00
Tyson Foerster 0 1 1 2 0 4 2 0 1 1 0/1 16:34 2:03 0:00
Players Stats for Anaheim Ducks
Player Name G A P +/- PIM S H SB GA TA FO MP PP MP PK MP
------------------------------------------------------------------------------------
Alex Killorn 0 1 1 0 0 0 4 0 0 0 0/0 13:17 0:00 1:29
Alexandre Texier 0 0 0 -1 0 3 0 0 0 0 0/0 7:22 0:00 0:23
Brayden Schenn 0 0 0 0 0 4 0 0 1 0 0/0 20:10 0:30 2:22
Brenden Dillon 0 0 0 -1 0 1 1 0 0 0 0/0 17:48 0:00 2:01
Calle Jarnkrok 0 0 0 -1 0 1 0 0 0 1 0/0 6:59 0:00 0:00
Chandler Stephenson 1 0 1 -3 0 2 1 3 0 1 0/0 20:50 0:30 1:29
Esa Lindell 0 0 0 -1 0 0 0 0 0 2 0/0 21:00 0:00 2:07
Ivan Provorov 0 0 0 -2 0 2 2 1 0 1 0/0 22:23 0:00 2:07
J.T. Compher 0 0 0 0 0 2 2 0 1 0 2/5 13:58 0:00 2:23
Jakob Chychrun 0 0 0 -1 0 1 1 0 0 0 0/0 16:25 0:00 0:00
John Tavares 1 1 2 0 0 2 1 0 0 0 4/7 12:05 0:30 0:00
Joshua Morrissey 0 0 0 -1 2 3 0 0 1 0 0/0 20:01 1:09 0:00
Mark Scheifele 0 0 0 0 2 5 2 0 0 0 15/26 17:56 0:39 0:00
Mason Marchment 0 0 0 0 0 4 1 0 0 0 1/1 17:18 0:00 0:00
Max Domi 0 0 0 -1 0 5 1 0 1 0 1/3 7:09 0:00 0:10
Morgan Rielly 0 0 0 -2 0 0 0 0 0 0 0/0 22:35 1:09 2:01
Nazem Kadri 0 0 0 -3 0 1 3 0 2 0 12/26 19:17 0:39 0:00
William Nylander 0 1 1 -3 2 4 0 0 0 1 0/2 19:16 0:39 0:00
3 Stars
1 - Max Pacioretty (NSH)
2 - Trevor Zegras (NSH)
3 - Anthony Stolarz (NSH)
Power Play
Nashville Predators - 1 on 3 Attempt(s) - 33.33%
Anaheim Ducks - 1 on 1 Attempt(s) - 100.00%
Penalty Kill
Nashville Predators - 0 on 1 Attempt(s) - 0.00%
- Score 0 goal in Penalty Kill
Anaheim Ducks - 2 on 3 Attempt(s) - 66.67%
- Score 0 goal in Penalty Kill
Team Stat
Nashville Predators - Hits : 24 - Faceoff Wins : 35 - Blocked Shots : 7 - Penalty Minutes : 2
Anaheim Ducks - Hits : 19 - Faceoff Wins : 35 - Blocked Shots : 4 - Penalty Minutes : 6
Official
Referees : Kevin Pollock and Brandon Blandina
Linesman : Steve Barton and Libor Suchanek
Game Notes
No Game Note
Finance
Level 1 -- Attendance: 4979 (82.98%) -- Ticket Income $497,900
Level 2 -- Attendance: 3500 (70.00%) -- Ticket Income $210,000
Level 3 -- Attendance: 2100 (70.00%) -- Ticket Income $96,600
Level 4 -- Attendance: 3900 (78.00%) -- Ticket Income $97,500
Luxury Box -- Attendance: 809 (80.90%) -- Ticket Income $161,800
Game was played at the Honda Center.
Total Attendance: 15288 (76.44%)
Total Ticket Income: $1,063,800
Other Income: $372,330
Total Income: $1,436,130
Nashville Predators
5 vs 5 Forward
Center Left Wing Right Wing Time % Phy DF OF
1 Colton Sissons Max Pacioretty Leo Carlsson 27 0 2 3
2 Ryan Johansen Trevor Zegras Tyson Foerster 27 1 2 2
3 Thomas Novak Pius Suter Michael Carcone 25 0 2 3
4 Jack Drury Alexander Wennberg Brett Leason 21 0 2 3
5 vs 5 Defense
Defense Defense Time % Phy DF OF
1 Brandon Montour Mattias Samuelsson 40 1 2 2
2 Ben Chiarot Artem Zub 40 1 3 1
3 Simon Benoit Juuso Valimaki 15 1 3 1
4 Artem Zub Mattias Samuelsson 5 1 3 1
PowerPlay Forward
Center Left Wing Right Wing Time % Phy DF OF
1 Colton Sissons Max Pacioretty Leo Carlsson 50 1 1 3
2 Pius Suter Trevor Zegras Tyson Foerster 50 1 1 3
PowerPlay Defense
Defense Defense Time % Phy DF OF
1 Brandon Montour Thomas Novak 50 1 1 3
2 Ben Chiarot Alexander Wennberg 50 2 2 1
Penalty Kill 4 Players Forward
Center Wing Time % Phy DF OF
1 Colton Sissons Alexander Wennberg 50 1 2 2
2 Thomas Novak Brett Leason 50 1 2 2
Penalty Kill 4 Players Defense
Defense Defense Time % Phy DF OF
1 Artem Zub Mattias Samuelsson 50 2 3 0
2 Simon Benoit Ben Chiarot 50 1 3 1
Penalty Kill - 3 Players Forward
Forward Time % Phy DF OF
1 Colton Sissons 50 1 2 2
2 Alexander Wennberg 50 1 2 2
Penalty Kill - 3 Players Defense
Defense Defense Time % Phy DF OF
1 Artem Zub Mattias Samuelsson 50 1 2 2
2 Ben Chiarot Simon Benoit 50 1 2 2
4 vs 4 Forward
Center Wing Time % Phy DF OF
1 Colton Sissons Leo Carlsson 40 1 2 2
2 Tyson Foerster Alexander Wennberg 60 1 2 2
4 vs 4 Defense
Defense Defense Time % Phy DF OF
1 Brandon Montour Artem Zub 50 2 2 1
2 Simon Benoit Ben Chiarot 50 2 2 1
Last Minutes Offensive
Center Left Wing Right Wing Defense Defense
Colton Sissons Trevor Zegras Tyson Foerster Leo Carlsson Max Pacioretty
Last Minutes Defensive
Center Left Wing Right Wing Defense Defense
Colton Sissons Alexander Wennberg Ryan Johansen Artem Zub Mattias Samuelsson
Goaltenders
Starting : Anthony Stolarz
Backup : Semyon Varlamov
Extra Forwards
Normal : Pius Suter, Thomas Novak, Michael Carcone - PP : Thomas Novak, Pius Suter - PK : Brett Leason
Extra Defensemen
Normal : Brandon Montour, Ben Chiarot, Mattias Samuelsson - PP : Artem Zub - PK : Brandon Montour, Simon Benoit
Penalty Shots
Leo Carlsson, Trevor Zegras, Tyson Foerster, Pius Suter, Thomas Novak
Scratches
Kevin Labanc (Healthy), Zemgus Girgensons (Healthy), Parker Wotherspoon (Healthy), Mads Sogaard (Healthy), Samuel Ersson (Healthy)
Anaheim Ducks
5 vs 5 Forward
Center Left Wing Right Wing Time % Phy DF OF
1 Nazem Kadri Chandler Stephenson William Nylander 38 1 2 2
2 Mark Scheifele Brayden Schenn Mason Marchment 36 1 2 2
3 John Tavares Alex Killorn J.T. Compher 25 1 1 3
4 Max Domi Calle Jarnkrok Alexandre Texier 1 1 2 2
5 vs 5 Defense
Defense Defense Time % Phy DF OF
1 Esa Lindell Joshua Morrissey 35 1 2 2
2 Morgan Rielly Ivan Provorov 35 1 2 2
3 Brenden Dillon Jakob Chychrun 30 1 2 2
4 Esa Lindell Joshua Morrissey 0 1 2 2
PowerPlay Forward
Center Left Wing Right Wing Time % Phy DF OF
1 Nazem Kadri Mark Scheifele William Nylander 60 1 1 3
2 John Tavares Chandler Stephenson Brayden Schenn 40 1 1 3
PowerPlay Defense
Defense Defense Time % Phy DF OF
1 Morgan Rielly Joshua Morrissey 60 1 1 3
2 Esa Lindell Jakob Chychrun 40 1 1 3
Penalty Kill 4 Players Forward
Center Wing Time % Phy DF OF
1 J.T. Compher Brayden Schenn 55 1 3 1
2 Chandler Stephenson Alex Killorn 45 1 3 1
Penalty Kill 4 Players Defense
Defense Defense Time % Phy DF OF
1 Esa Lindell Ivan Provorov 50 1 3 1
2 Morgan Rielly Brenden Dillon 50 1 3 1
Penalty Kill - 3 Players Forward
Forward Time % Phy DF OF
1 J.T. Compher 50 1 4 0
2 Chandler Stephenson 50 1 4 0
Penalty Kill - 3 Players Defense
Defense Defense Time % Phy DF OF
1 Esa Lindell Ivan Provorov 50 1 4 0
2 Morgan Rielly Brenden Dillon 50 1 4 0
4 vs 4 Forward
Center Wing Time % Phy DF OF
1 Nazem Kadri William Nylander 60 1 2 2
2 John Tavares Mark Scheifele 40 1 2 2
4 vs 4 Defense
Defense Defense Time % Phy DF OF
1 Esa Lindell Morgan Rielly 50 1 2 2
2 Ivan Provorov Joshua Morrissey 50 1 2 2
Last Minutes Offensive
Center Left Wing Right Wing Defense Defense
Nazem Kadri William Nylander Mark Scheifele Joshua Morrissey Morgan Rielly
Last Minutes Defensive
Center Left Wing Right Wing Defense Defense
Chandler Stephenson Alex Killorn J.T. Compher Ivan Provorov Esa Lindell
Goaltenders
Starting : Linus Ullmark
Backup : James Reimer
Extra Forwards
Normal : William Nylander, Mark Scheifele, Nazem Kadri - PP : William Nylander, Nazem Kadri - PK : J.T. Compher
Extra Defensemen
Normal : Esa Lindell, Brenden Dillon, Ivan Provorov - PP : Joshua Morrissey - PK : Esa Lindell, Ivan Provorov
Penalty Shots
Brenden Dillon, Mark Scheifele, Calle Jarnkrok, John Tavares, Alex Killorn
Scratches
Josh Manson (Healthy)
% Time on Ice - Nashville Predators
Lines # - Real PCT - Wanted PCT - Time Play
Normal Forward
1 - 27% - 27% - 14:52
2 - 27% - 27% - 14:31
3 - 25% - 25% - 13:52
4 - 21% - 21% - 11:28
Normal Defense
1 - 39% - 40% - 21:07
2 - 39% - 40% - 21:22
3 - 20% - 15% - 11:10
4 - 2% - 5% - 1:04
PP Forward
1 - 50% - 50% - 2:05
2 - 50% - 50% - 2:03
PP Defense
1 - 49% - 50% - 2:02
2 - 51% - 50% - 2:06
PK Forward
1 - 51% - 50% - 0:35
2 - 49% - 50% - 0:34
PK Defense
1 - 74% - 50% - 0:51
2 - 26% - 50% - 0:18
PK3 Forward
1 - 0% - 50%
2 - 0% - 50%
PK3 Defense
1 - 0% - 50%
2 - 0% - 50%
44 Forward
1 - 0% - 40%
2 - 0% - 60%
44 Defense
1 - 0% - 50%
2 - 0% - 50%
Last Minute Offensive - 0:00
Last Minute Defensive - 0:00
Total
Forward - 60:00
Defense - 60:00
|
% Time on Ice - Anaheim Ducks
Lines # - Real PCT - Wanted PCT - Time Play
Normal Forward
1 - 34% - 38% - 18:38
2 - 32% - 36% - 17:31
3 - 21% - 25% - 11:35
4 - 13% - 1% - 6:59
Normal Defense
1 - 35% - 35% - 18:53
2 - 35% - 35% - 19:25
3 - 30% - 30% - 16:25
4 - 0% - 0% - 0:00
PP Forward
1 - 57% - 60% - 0:39
2 - 43% - 40% - 0:30
PP Defense
1 - 100% - 60% - 1:09
2 - 0% - 40% - 0:00
PK Forward
1 - 64% - 55% - 2:39
2 - 36% - 45% - 1:29
PK Defense
1 - 51% - 50% - 2:07
2 - 49% - 50% - 2:01
PK3 Forward
1 - 0% - 50%
2 - 0% - 50%
PK3 Defense
1 - 0% - 50%
2 - 0% - 50%
44 Forward
1 - 0% - 60%
2 - 0% - 40%
44 Defense
1 - 0% - 50%
2 - 0% - 50%
Last Minute Offensive - 0:00
Last Minute Defensive - 0:00
Total
Forward - 60:00
Defense - 60:00
|
Play-by-Play
1st period
0:01 of 1st period - Max Pacioretty wins face-off versus Nazem Kadri in neutral zone.
0:38 of 1st period - Snap shot by Ryan Johansen.
0:38 of 1st period - Shot Misses the Net.
1:16 of 1st period - Slapshot by Joshua Morrissey.
1:16 of 1st period - Deflect By Ben Chiarot.
1:16 of 1st period - Stopped by Anthony Stolarz without a rebound.
1:17 of 1st period - Jack Drury wins face-off versus Nazem Kadri in Nashville Predators zone.
1:44 of 1st period - Mark Scheifele is hit by Simon Benoit and loses puck.
2:13 of 1st period - Slapshot by John Tavares.
2:13 of 1st period - Deflect By J.T. Compher.
2:13 of 1st period - Shot Blocked by Ben Chiarot.
2:13 of 1st period - Puck is out of play.
2:14 of 1st period - Nazem Kadri wins face-off versus Thomas Novak in Nashville Predators zone.
2:20 of 1st period - Icing by Mattias Samuelsson.
2:21 of 1st period - Nazem Kadri wins face-off versus Thomas Novak in Nashville Predators zone.
2:56 of 1st period - Slapshot by Thomas Novak.
2:56 of 1st period - Shot Misses the Net.
2:58 of 1st period - Backhand shot by Mattias Samuelsson.
2:58 of 1st period - Stopped by Linus Ullmark without a rebound.
2:59 of 1st period - Colton Sissons wins face-off versus Mark Scheifele in Anaheim Ducks zone.
3:11 of 1st period - Ben Chiarot is hit by Jakob Chychrun and loses puck.
3:26 of 1st period - John Tavares is hit by Ben Chiarot and loses puck.
3:57 of 1st period - Wrist shot by Alexandre Texier.
3:57 of 1st period - Stopped by Anthony Stolarz with a rebound.
3:59 of 1st period - Slapshot by Jakob Chychrun.
3:59 of 1st period - Shot Misses the Net.
4:01 of 1st period - Slapshot by Jakob Chychrun.
4:01 of 1st period - Stopped by Anthony Stolarz without a rebound.
4:02 of 1st period - Ryan Johansen wins face-off versus Mark Scheifele in Nashville Predators zone.
4:14 of 1st period - Off-side.
4:15 of 1st period - Mark Scheifele wins face-off versus Colton Sissons in neutral zone.
4:21 of 1st period - Off-side.
4:22 of 1st period - Mark Scheifele wins face-off versus Colton Sissons in neutral zone.
4:29 of 1st period - Snap shot by Mark Scheifele.
4:29 of 1st period - Shot Blocked by Colton Sissons.
4:51 of 1st period - Wrist shot by Tyson Foerster.
4:51 of 1st period - Shot Misses the Net.
4:53 of 1st period - Wrist shot by Mattias Samuelsson.
4:53 of 1st period - Shot Misses the Net.
4:55 of 1st period - Slapshot by Mattias Samuelsson.
4:55 of 1st period - Shot Misses the Net.
4:57 of 1st period - Wrist shot by Trevor Zegras.
4:57 of 1st period - Goal by Trevor Zegras - Nashville Predators : 1 - Anaheim Ducks : 0.
4:58 of 1st period - John Tavares wins face-off versus Thomas Novak in neutral zone.
5:09 of 1st period - Esa Lindell is hit by Ben Chiarot and loses puck.
5:24 of 1st period - Artem Zub is hit by Mason Marchment and loses puck.
5:55 of 1st period - Snap shot by Max Pacioretty.
5:55 of 1st period - Stopped by Linus Ullmark with a rebound.
5:57 of 1st period - Backhand shot by Ben Chiarot.
5:57 of 1st period - Stopped by Linus Ullmark without a rebound.
5:58 of 1st period - Ryan Johansen wins face-off versus John Tavares in Anaheim Ducks zone.
6:08 of 1st period - Icing by Mattias Samuelsson.
6:09 of 1st period - Nazem Kadri wins face-off versus Trevor Zegras in Nashville Predators zone.
6:36 of 1st period - Mattias Samuelsson is hit by Mark Scheifele and loses puck.
6:57 of 1st period - Wrist shot by Colton Sissons.
6:57 of 1st period - Shot Misses the Net.
7:45 of 1st period - Tyson Foerster is hit by Nazem Kadri and loses puck.
8:06 of 1st period - Wrist shot by Nazem Kadri.
8:06 of 1st period - Shot Blocked by Michael Carcone.
8:48 of 1st period - Snap shot by John Tavares.
8:48 of 1st period - Deflect By Alex Killorn.
8:48 of 1st period - Shot Misses the Net.
8:48 of 1st period - Puck is out of play.
8:49 of 1st period - Mark Scheifele wins face-off versus Thomas Novak in Nashville Predators zone.
8:52 of 1st period - Wrist shot by Brayden Schenn.
8:52 of 1st period - Shot Misses the Net.
9:37 of 1st period - Slapshot by Max Domi.
9:37 of 1st period - Stopped by Anthony Stolarz with a rebound.
9:39 of 1st period - Minor Penalty to Ben Chiarot for Holding Stick.
9:40 of 1st period - Thomas Novak wins face-off versus Nazem Kadri in Nashville Predators zone.
9:55 of 1st period - Snap shot by Mark Scheifele.
9:55 of 1st period - Stopped by Anthony Stolarz with a rebound.
9:57 of 1st period - Snap shot by Mark Scheifele.
9:57 of 1st period - Deflect By Nazem Kadri.
9:57 of 1st period - Shot Misses the Net.
9:57 of 1st period - Puck is out of play.
9:58 of 1st period - John Tavares wins face-off versus Thomas Novak in Nashville Predators zone.
10:11 of 1st period - Slapshot by Thomas Novak.
10:11 of 1st period - Stopped by Linus Ullmark with a rebound.
10:13 of 1st period - Wrist shot by Thomas Novak.
10:13 of 1st period - Stopped by Linus Ullmark without a rebound.
10:14 of 1st period - Colton Sissons wins face-off versus Nazem Kadri in Anaheim Ducks zone.
10:48 of 1st period - Snap shot by Chandler Stephenson.
10:48 of 1st period - Goal by Chandler Stephenson - Nashville Predators : 1 - Anaheim Ducks : 1.
10:49 of 1st period - Mason Marchment wins face-off versus Ryan Johansen in neutral zone.
10:52 of 1st period - Slapshot by Mark Scheifele.
10:52 of 1st period - Stopped by Anthony Stolarz without a rebound.
10:53 of 1st period - Trevor Zegras wins face-off versus Mark Scheifele in Nashville Predators zone.
11:00 of 1st period - Joshua Morrissey is hit by Tyson Foerster and loses puck.
11:19 of 1st period - Wrist shot by Thomas Novak.
11:19 of 1st period - Stopped by Linus Ullmark with a rebound.
11:21 of 1st period - Slapshot by Mattias Samuelsson.
11:21 of 1st period - Shot Misses the Net.
11:23 of 1st period - Slapshot by Mattias Samuelsson.
11:23 of 1st period - Shot Misses the Net.
11:25 of 1st period - Wrist shot by Michael Carcone.
11:25 of 1st period - Stopped by Linus Ullmark without a rebound.
11:26 of 1st period - Thomas Novak wins face-off versus Nazem Kadri in Anaheim Ducks zone.
11:58 of 1st period - Wrist shot by J.T. Compher.
11:58 of 1st period - Stopped by Anthony Stolarz without a rebound.
11:59 of 1st period - Nazem Kadri wins face-off versus Jack Drury in Nashville Predators zone.
12:27 of 1st period - Morgan Rielly is hit by Brandon Montour and loses puck.
12:34 of 1st period - Slapshot by Mason Marchment.
12:34 of 1st period - Stopped by Anthony Stolarz without a rebound.
12:35 of 1st period - John Tavares wins face-off versus Colton Sissons in Nashville Predators zone.
12:42 of 1st period - Snap shot by John Tavares.
12:42 of 1st period - Stopped by Anthony Stolarz with a rebound.
12:44 of 1st period - Wrist shot by John Tavares.
12:44 of 1st period - Shot Misses the Net.
12:46 of 1st period - Snap shot by J.T. Compher.
12:46 of 1st period - Stopped by Anthony Stolarz without a rebound.
12:47 of 1st period - Nazem Kadri wins face-off versus Ryan Johansen in Nashville Predators zone.
12:48 of 1st period - Snap shot by Chandler Stephenson.
12:48 of 1st period - Stopped by Anthony Stolarz with a rebound.
13:39 of 1st period - Brenden Dillon is hit by Brett Leason and loses puck.
13:52 of 1st period - Backhand shot by Alexandre Texier.
13:52 of 1st period - Stopped by Anthony Stolarz with a rebound.
13:55 of 1st period - Icing by Ben Chiarot.
13:56 of 1st period - Thomas Novak wins face-off versus Nazem Kadri in Nashville Predators zone.
15:09 of 1st period - Calle Jarnkrok is hit by Mattias Samuelsson and loses puck.
15:38 of 1st period - Snap shot by Tyson Foerster.
15:38 of 1st period - Stopped by Linus Ullmark with a rebound.
15:40 of 1st period - Snap shot by Juuso Valimaki.
15:40 of 1st period - Stopped by Linus Ullmark without a rebound.
15:41 of 1st period - Mark Scheifele wins face-off versus Brett Leason in Anaheim Ducks zone.
15:50 of 1st period - Snap shot by Brett Leason.
15:50 of 1st period - Shot Misses the Net.
16:13 of 1st period - Snap shot by Nazem Kadri.
16:13 of 1st period - Deflect By William Nylander.
16:13 of 1st period - Stopped by Anthony Stolarz with a rebound.
16:19 of 1st period - Snap shot by Colton Sissons.
16:19 of 1st period - Stopped by Linus Ullmark with a rebound.
16:31 of 1st period - Slapshot by Thomas Novak.
16:31 of 1st period - Stopped by Linus Ullmark with a rebound.
16:33 of 1st period - Slapshot by Juuso Valimaki.
16:33 of 1st period - Deflect By Thomas Novak.
16:33 of 1st period - Stopped by Linus Ullmark without a rebound.
16:34 of 1st period - Thomas Novak wins face-off versus Mark Scheifele in Anaheim Ducks zone.
16:41 of 1st period - Wrist shot by Thomas Novak.
16:41 of 1st period - Stopped by Linus Ullmark without a rebound.
16:42 of 1st period - Mark Scheifele wins face-off versus Tyson Foerster in Anaheim Ducks zone.
16:44 of 1st period - Minor Penalty to Joshua Morrissey for Roughing.
16:45 of 1st period - J.T. Compher wins face-off versus Colton Sissons in Anaheim Ducks zone.
17:11 of 1st period - Ivan Provorov is hit by Brandon Montour and loses puck.
17:18 of 1st period - Snap shot by Tyson Foerster.
17:18 of 1st period - Shot Blocked by Chandler Stephenson.
17:20 of 1st period - Snap shot by Pius Suter.
17:20 of 1st period - Stopped by Linus Ullmark with a rebound.
17:34 of 1st period - Brayden Schenn is hit by Colton Sissons and loses puck.
18:44 of 1st period - Penalty to Joshua Morrissey is over, Joshua Morrissey is back on ice.
19:32 of 1st period - Wrist shot by Max Domi.
19:32 of 1st period - Stopped by Anthony Stolarz with a rebound.
19:34 of 1st period - Slapshot by Ivan Provorov.
19:34 of 1st period - Stopped by Anthony Stolarz without a rebound.
19:35 of 1st period - Max Domi wins face-off versus Ryan Johansen in Nashville Predators zone.
19:36 of 1st period - Snap shot by Alexandre Texier.
19:36 of 1st period - Shot Misses the Net.
19:38 of 1st period - Snap shot by Max Domi.
19:38 of 1st period - Stopped by Anthony Stolarz with a rebound.
19:54 of 1st period - Snap shot by Max Domi.
19:54 of 1st period - Stopped by Anthony Stolarz without a rebound.
19:55 of 1st period - Nazem Kadri wins face-off versus Michael Carcone in Nashville Predators zone.
Goals for this period are 1 for Nashville Predators vs 1 for Anaheim Ducks.
Shots for this period are 15 for Nashville Predators vs 18 for Anaheim Ducks.
2nd period
0:01 of 2nd period - Colton Sissons wins face-off versus Nazem Kadri in neutral zone.
0:28 of 2nd period - Snap shot by Ryan Johansen.
0:28 of 2nd period - Stopped by Linus Ullmark without a rebound.
0:29 of 2nd period - Ryan Johansen wins face-off versus Mark Scheifele in Anaheim Ducks zone.
0:30 of 2nd period - Wrist shot by Trevor Zegras.
0:30 of 2nd period - Stopped by Linus Ullmark without a rebound.
0:31 of 2nd period - Ryan Johansen wins face-off versus Mark Scheifele in Anaheim Ducks zone.
0:42 of 2nd period - Slapshot by Joshua Morrissey.
0:42 of 2nd period - Stopped by Anthony Stolarz without a rebound.
0:43 of 2nd period - Thomas Novak wins face-off versus Nazem Kadri in Nashville Predators zone.
1:10 of 2nd period - Ivan Provorov is hit by Max Pacioretty and loses puck.
1:15 of 2nd period - Slapshot by Max Pacioretty.
1:15 of 2nd period - Shot Blocked by Ivan Provorov.
1:17 of 2nd period - Wrist shot by Max Pacioretty.
1:17 of 2nd period - Goal by Max Pacioretty - Nashville Predators : 2 - Anaheim Ducks : 1.
1:18 of 2nd period - Ryan Johansen wins face-off versus Mark Scheifele in neutral zone.
1:23 of 2nd period - Snap shot by Tyson Foerster.
1:23 of 2nd period - Stopped by Linus Ullmark with a rebound.
1:44 of 2nd period - Leo Carlsson is hit by Nazem Kadri and loses puck.
2:02 of 2nd period - Icing by Leo Carlsson.
2:03 of 2nd period - John Tavares wins face-off versus Thomas Novak in Nashville Predators zone.
2:08 of 2nd period - Snap shot by J.T. Compher.
2:08 of 2nd period - Shot Blocked by Mattias Samuelsson.
2:35 of 2nd period - Snap shot by Mark Scheifele.
2:35 of 2nd period - Shot Blocked by Juuso Valimaki.
2:37 of 2nd period - Wrist shot by Mason Marchment.
2:37 of 2nd period - Stopped by Anthony Stolarz without a rebound.
2:38 of 2nd period - Colton Sissons wins face-off versus Nazem Kadri in Nashville Predators zone.
4:00 of 2nd period - Snap shot by Ryan Johansen.
4:00 of 2nd period - Stopped by Linus Ullmark with a rebound.
4:02 of 2nd period - Wrist shot by Tyson Foerster.
4:02 of 2nd period - Shot Misses the Net.
4:04 of 2nd period - Snap shot by Tyson Foerster.
4:04 of 2nd period - Shot Blocked by Chandler Stephenson.
4:10 of 2nd period - Slapshot by Tyson Foerster.
4:10 of 2nd period - Stopped by Linus Ullmark with a rebound.
4:12 of 2nd period - Snap shot by Ben Chiarot.
4:12 of 2nd period - Stopped by Linus Ullmark with a rebound.
4:36 of 2nd period - Snap shot by Tyson Foerster.
4:36 of 2nd period - Shot Blocked by Chandler Stephenson.
4:50 of 2nd period - Slapshot by Ryan Johansen.
4:50 of 2nd period - Stopped by Linus Ullmark without a rebound.
4:51 of 2nd period - Mark Scheifele wins face-off versus Thomas Novak in Anaheim Ducks zone.
4:51 of 2nd period - Mark Scheifele is hit by Mattias Samuelsson.
5:22 of 2nd period - Wrist shot by John Tavares.
5:22 of 2nd period - Goal by John Tavares - Nashville Predators : 2 - Anaheim Ducks : 2.
5:23 of 2nd period - Mark Scheifele wins face-off versus Jack Drury in neutral zone.
5:50 of 2nd period - Esa Lindell is hit by Brandon Montour.
6:07 of 2nd period - Mattias Samuelsson is hit by J.T. Compher.
6:18 of 2nd period - Brandon Montour is hit by Ivan Provorov and loses puck.
6:21 of 2nd period - Snap shot by Michael Carcone.
6:21 of 2nd period - Stopped by Linus Ullmark without a rebound.
6:22 of 2nd period - Mark Scheifele wins face-off versus Thomas Novak in Anaheim Ducks zone.
6:22 of 2nd period - Mark Scheifele is hit by Ben Chiarot.
6:48 of 2nd period - Ben Chiarot is hit by Alex Killorn and loses puck.
7:10 of 2nd period - Icing by Simon Benoit.
7:11 of 2nd period - Jack Drury wins face-off versus Nazem Kadri in Nashville Predators zone.
7:28 of 2nd period - Icing by William Nylander.
7:29 of 2nd period - Nazem Kadri wins face-off versus Colton Sissons in Anaheim Ducks zone.
7:40 of 2nd period - Wrist shot by Colton Sissons.
7:40 of 2nd period - Deflect By Leo Carlsson.
7:40 of 2nd period - Goal by Leo Carlsson - Nashville Predators : 3 - Anaheim Ducks : 2.
7:41 of 2nd period - Colton Sissons wins face-off versus Mark Scheifele in neutral zone.
8:04 of 2nd period - Minor Penalty to Mark Scheifele for Hooking.
8:05 of 2nd period - Pius Suter wins face-off versus J.T. Compher in Anaheim Ducks zone.
8:22 of 2nd period - Wrist shot by Brayden Schenn.
8:22 of 2nd period - Stopped by Anthony Stolarz without a rebound.
8:23 of 2nd period - J.T. Compher wins face-off versus Colton Sissons in Nashville Predators zone.
8:48 of 2nd period - Trevor Zegras is hit by Alex Killorn and loses puck.
9:14 of 2nd period - J.T. Compher is hit by Ben Chiarot and loses puck.
10:04 of 2nd period - Penalty to Mark Scheifele is over, Mark Scheifele is back on ice.
10:19 of 2nd period - Wrist shot by Nazem Kadri.
10:19 of 2nd period - Stopped by Anthony Stolarz with a rebound.
11:10 of 2nd period - Artem Zub is hit by J.T. Compher.
11:36 of 2nd period - Leo Carlsson is hit by Mark Scheifele.
12:10 of 2nd period - Snap shot by Max Domi.
12:10 of 2nd period - Shot Blocked by Mattias Samuelsson.
12:27 of 2nd period - Tyson Foerster is hit by Alex Killorn and loses puck.
12:38 of 2nd period - Mason Marchment is hit by Max Pacioretty and loses puck.
14:31 of 2nd period - Wrist shot by Max Pacioretty.
14:31 of 2nd period - Shot Misses the Net.
15:18 of 2nd period - Michael Carcone is hit by Chandler Stephenson and loses puck.
15:39 of 2nd period - Brayden Schenn is hit by Simon Benoit and loses puck.
16:00 of 2nd period - J.T. Compher is hit by Tyson Foerster and loses puck.
16:19 of 2nd period - Artem Zub is hit by Nazem Kadri and loses puck.
16:25 of 2nd period - Icing by Ben Chiarot.
16:26 of 2nd period - Colton Sissons wins face-off versus Nazem Kadri in Nashville Predators zone.
16:31 of 2nd period - Snap shot by William Nylander.
16:31 of 2nd period - Stopped by Anthony Stolarz without a rebound.
16:32 of 2nd period - Mark Scheifele wins face-off versus Colton Sissons in Nashville Predators zone.
16:33 of 2nd period - Snap shot by Brayden Schenn.
16:33 of 2nd period - Stopped by Anthony Stolarz without a rebound.
16:34 of 2nd period - Mark Scheifele wins face-off versus Leo Carlsson in Nashville Predators zone.
16:37 of 2nd period - Snap shot by Mason Marchment.
16:37 of 2nd period - Shot Misses the Net.
16:47 of 2nd period - Snap shot by Colton Sissons.
16:47 of 2nd period - Stopped by Linus Ullmark with a rebound.
17:40 of 2nd period - Pius Suter is hit by Max Domi.
18:21 of 2nd period - Snap shot by Mason Marchment.
18:21 of 2nd period - Stopped by Anthony Stolarz without a rebound.
18:22 of 2nd period - Mark Scheifele wins face-off versus Thomas Novak in Nashville Predators zone.
18:47 of 2nd period - Wrist shot by William Nylander.
18:47 of 2nd period - Stopped by Anthony Stolarz with a rebound.
18:53 of 2nd period - Wrist shot by Ryan Johansen.
18:53 of 2nd period - Goal by Ryan Johansen - Nashville Predators : 4 - Anaheim Ducks : 2.
18:54 of 2nd period - Nazem Kadri wins face-off versus Colton Sissons in neutral zone.
19:19 of 2nd period - Mason Marchment is hit by Ben Chiarot and loses puck.
19:44 of 2nd period - Pius Suter is hit by Alex Killorn and loses puck.
Goals for this period are 3 for Nashville Predators vs 1 for Anaheim Ducks.
Shots for this period are 12 for Nashville Predators vs 9 for Anaheim Ducks.
3rd period
0:01 of 3rd period - Colton Sissons wins face-off versus Nazem Kadri in neutral zone.
0:03 of 3rd period - Minor Penalty to William Nylander for Hooking.
0:04 of 3rd period - Colton Sissons wins face-off versus J.T. Compher in Anaheim Ducks zone.
0:07 of 3rd period - Backhand shot by Colton Sissons.
0:07 of 3rd period - Stopped by Linus Ullmark without a rebound.
0:08 of 3rd period - Colton Sissons wins face-off versus J.T. Compher in Anaheim Ducks zone.
0:13 of 3rd period - Wrist shot by Colton Sissons.
0:13 of 3rd period - Goal by Colton Sissons - Nashville Predators : 5 - Anaheim Ducks : 2.
0:14 of 3rd period - Colton Sissons wins face-off versus Mark Scheifele in neutral zone.
0:21 of 3rd period - Snap shot by Ben Chiarot.
0:21 of 3rd period - Stopped by Linus Ullmark without a rebound.
0:22 of 3rd period - Colton Sissons wins face-off versus Mark Scheifele in Anaheim Ducks zone.
0:59 of 3rd period - Wrist shot by William Nylander.
0:59 of 3rd period - Shot Misses the Net.
1:25 of 3rd period - Snap shot by Trevor Zegras.
1:25 of 3rd period - Stopped by Linus Ullmark without a rebound.
1:26 of 3rd period - Thomas Novak wins face-off versus William Nylander in Anaheim Ducks zone.
1:43 of 3rd period - William Nylander is hit by Brandon Montour and loses puck.
1:58 of 3rd period - Wrist shot by Alexander Wennberg.
1:58 of 3rd period - Stopped by Linus Ullmark without a rebound.
1:59 of 3rd period - Jack Drury wins face-off versus Mark Scheifele in Anaheim Ducks zone.
2:02 of 3rd period - Wrist shot by Alexander Wennberg.
2:02 of 3rd period - Shot Misses the Net.
2:43 of 3rd period - Slapshot by Brayden Schenn.
2:43 of 3rd period - Shot Misses the Net.
3:27 of 3rd period - Snap shot by Mark Scheifele.
3:27 of 3rd period - Stopped by Anthony Stolarz with a rebound.
3:29 of 3rd period - Snap shot by Esa Lindell.
3:29 of 3rd period - Deflect By Mark Scheifele.
3:29 of 3rd period - Stopped by Anthony Stolarz without a rebound.
3:30 of 3rd period - Nazem Kadri wins face-off versus Thomas Novak in Nashville Predators zone.
3:33 of 3rd period - Snap shot by William Nylander.
3:33 of 3rd period - Shot Misses the Net.
3:35 of 3rd period - Snap shot by Chandler Stephenson.
3:35 of 3rd period - Shot Misses the Net.
3:51 of 3rd period - Thomas Novak is hit by Brenden Dillon and loses puck.
4:24 of 3rd period - Snap shot by Max Domi.
4:24 of 3rd period - Shot Misses the Net.
4:26 of 3rd period - Snap shot by Calle Jarnkrok.
4:26 of 3rd period - Stopped by Anthony Stolarz with a rebound.
4:28 of 3rd period - Slapshot by Alexandre Texier.
4:28 of 3rd period - Stopped by Anthony Stolarz without a rebound.
4:29 of 3rd period - Ryan Johansen wins face-off versus Max Domi in Nashville Predators zone.
4:29 of 3rd period - Ryan Johansen is hit by Ivan Provorov.
4:35 of 3rd period - Wrist shot by Tyson Foerster.
4:35 of 3rd period - Shot Misses the Net.
4:51 of 3rd period - Snap shot by Max Domi.
4:51 of 3rd period - Stopped by Anthony Stolarz without a rebound.
4:52 of 3rd period - Nazem Kadri wins face-off versus Thomas Novak in Nashville Predators zone.
5:25 of 3rd period - Snap shot by Max Pacioretty.
5:25 of 3rd period - Deflect By Colton Sissons.
5:25 of 3rd period - Shot Misses the Net.
5:25 of 3rd period - Puck is out of play.
5:26 of 3rd period - Mark Scheifele wins face-off versus Jack Drury in Anaheim Ducks zone.
6:18 of 3rd period - Slapshot by Brandon Montour.
6:18 of 3rd period - Shot Misses the Net.
6:54 of 3rd period - Slapshot by Alexander Wennberg.
6:54 of 3rd period - Deflect By Brett Leason.
6:54 of 3rd period - Shot Misses the Net.
6:54 of 3rd period - Puck is out of play.
6:55 of 3rd period - Jack Drury wins face-off versus Max Domi in Anaheim Ducks zone.
6:56 of 3rd period - Snap shot by Alexander Wennberg.
6:56 of 3rd period - Stopped by Linus Ullmark with a rebound.
7:45 of 3rd period - Slapshot by Ben Chiarot.
7:45 of 3rd period - Shot Misses the Net.
7:47 of 3rd period - Snap shot by Leo Carlsson.
7:47 of 3rd period - Stopped by Linus Ullmark without a rebound.
7:48 of 3rd period - Colton Sissons wins face-off versus John Tavares in Anaheim Ducks zone.
8:05 of 3rd period - J.T. Compher is hit by Max Pacioretty and loses puck.
8:48 of 3rd period - Brayden Schenn is hit by Pius Suter and loses puck.
9:07 of 3rd period - Wrist shot by Jack Drury.
9:07 of 3rd period - Stopped by Linus Ullmark with a rebound.
9:09 of 3rd period - Snap shot by Brett Leason.
9:09 of 3rd period - Goal by Brett Leason - Nashville Predators : 6 - Anaheim Ducks : 2.
9:10 of 3rd period - Nazem Kadri wins face-off versus Ryan Johansen in neutral zone.
9:27 of 3rd period - Wrist shot by Chandler Stephenson.
9:27 of 3rd period - Shot Blocked by Brandon Montour.
9:37 of 3rd period - Brayden Schenn is hit by Max Pacioretty.
11:00 of 3rd period - Snap shot by Mark Scheifele.
11:00 of 3rd period - Stopped by Anthony Stolarz with a rebound.
12:02 of 3rd period - Snap shot by Nazem Kadri.
12:02 of 3rd period - Shot Misses the Net.
12:49 of 3rd period - Snap shot by Alexander Wennberg.
12:49 of 3rd period - Shot Misses the Net.
12:55 of 3rd period - Jack Drury is hit by John Tavares and loses puck.
13:14 of 3rd period - Wrist shot by Alexandre Texier.
13:14 of 3rd period - Shot Misses the Net.
13:16 of 3rd period - Snap shot by Ivan Provorov.
13:16 of 3rd period - Stopped by Anthony Stolarz without a rebound.
13:17 of 3rd period - Ryan Johansen wins face-off versus Nazem Kadri in Nashville Predators zone.
13:30 of 3rd period - Wrist shot by Ryan Johansen.
13:30 of 3rd period - Deflect By Tyson Foerster.
13:30 of 3rd period - Stopped by Linus Ullmark without a rebound.
13:31 of 3rd period - Thomas Novak wins face-off versus William Nylander in Anaheim Ducks zone.
13:44 of 3rd period - Snap shot by William Nylander.
13:44 of 3rd period - Stopped by Anthony Stolarz without a rebound.
13:45 of 3rd period - Mark Scheifele wins face-off versus Ryan Johansen in Nashville Predators zone.
13:46 of 3rd period - Slapshot by Brayden Schenn.
13:46 of 3rd period - Stopped by Anthony Stolarz with a rebound.
13:48 of 3rd period - Snap shot by Mason Marchment.
13:48 of 3rd period - Stopped by Anthony Stolarz with a rebound.
14:00 of 3rd period - Wrist shot by Brayden Schenn.
14:00 of 3rd period - Stopped by Anthony Stolarz with a rebound.
14:33 of 3rd period - John Tavares is hit by Ben Chiarot and loses puck.
15:18 of 3rd period - Alexandre Texier is hit by Ryan Johansen.
15:46 of 3rd period - Off-side.
15:47 of 3rd period - Mark Scheifele wins face-off versus Thomas Novak in neutral zone.
16:59 of 3rd period - Off-side.
17:00 of 3rd period - Jack Drury wins face-off versus John Tavares in neutral zone.
17:32 of 3rd period - Snap shot by Leo Carlsson.
17:32 of 3rd period - Stopped by Linus Ullmark without a rebound.
17:33 of 3rd period - Thomas Novak wins face-off versus Nazem Kadri in Anaheim Ducks zone.
17:42 of 3rd period - Wrist shot by Thomas Novak.
17:42 of 3rd period - Stopped by Linus Ullmark without a rebound.
17:43 of 3rd period - Nazem Kadri wins face-off versus Thomas Novak in Anaheim Ducks zone.
18:09 of 3rd period - Backhand shot by Brenden Dillon.
18:09 of 3rd period - Stopped by Anthony Stolarz with a rebound.
18:33 of 3rd period - Wrist shot by Thomas Novak.
18:33 of 3rd period - Stopped by Linus Ullmark without a rebound.
18:34 of 3rd period - Mark Scheifele wins face-off versus Ryan Johansen in Anaheim Ducks zone.
18:41 of 3rd period - Slapshot by Joshua Morrissey.
18:41 of 3rd period - Stopped by Anthony Stolarz with a rebound.
Goals for this period are 2 for Nashville Predators vs 0 for Anaheim Ducks.
Shots for this period are 13 for Nashville Predators vs 13 for Anaheim Ducks.
Back to the Top